 Dungeon Crawl Stone Soup version 0.28.0-1-gb440e238dd (webtiles) character file.

Game seed: 9873632981896695249

88 fknight the Covered (level 4, -3/35 HPs)
             Began as a Human Fighter on Feb 20, 2022.
             Slain by Ijyb (5 damage)
             ... on level 3 of the Dungeon.
             The game lasted 00:17:18 (2420 turns).

fknight the Covered (Human Fighter)                 Turns: 2420, Time: 00:17:19

Health: -3/35      AC: 12    Str: 18    XL:     4   Next: 82%
Magic:  4/4        EV:  9    Int:  9    God:
Gold:   38         SH:  4    Dex: 12    Spells: 3/3 levels left

rFire   . . .      SeeInvis .   s - +2 mace (holy)
rCold   . . .      Faith    .   c - +0 buckler
rNeg    . . .      Spirit   .   b - +1 scale mail
rPois   .          Reflect  .   (no helmet)
rElec   .          Harm     .   h - +0 cloak
rCorr   .          Rampage  .   n - +2 pair of gloves {hurl}
Will    .....                   (no boots)
Stlth   ..........              (no amulet)
HPRegen 0.11/turn               (no ring)
MPRegen 0.09/turn               (no ring)

@: no status effects
A: no striking features
a: no special abilities


You were on level 3 of the Dungeon.
You visited 1 branch of the dungeon, and saw 3 of its levels.

You collected 104 gold pieces.
You spent 66 gold pieces at shops.

Inventory:

Hand Weapons
 a - a +0 war axe
 f - a +2 dagger of venom
 k - a +0 hunting sling
 r - a +2 vorpal hand axe
 s - a +2 mace of holy wrath (weapon)
Missiles
 e - 69 stones (quivered)
 g - 35 arrows
 l - 5 poisoned darts
Armour
 b - a +1 scale mail (worn)
 c - a +0 buckler (worn)
 h - a +0 cloak (worn)
 n - a +2 pair of gloves of hurling (worn)
Scrolls
 o - a scroll of teleportation {unknown}
 t - a scroll of fog
Potions
 d - a potion of might
 i - a potion of flight {unknown}
 j - a potion of brilliance {unknown}
 m - a potion of curing
 q - a potion of invisibility


   Skills:
 + Level 3.4 Fighting
 + Level 0.1 Short Blades
 + Level 2.2(2.5) Axes
 + Level 1.6(2.2) Maces & Flails
 + Level 1.2 Throwing
 + Level 3.5 Armour
 + Level 0.1 Stealth
 + Level 3.3 Shields


You had 3 spell levels left.
You didn't know any spells.
Your spell library contained the following spells:

 Spells                   Type           Power      Damage    Failure   Level
 Animate Skeleton         Necr           0%         N/A       86%         1
 Pain                     Necr           0%         1d4       86%         1
 Ensorcelled Hibernation  Hex/Ice        0%         N/A       94%         2
 Passwall                 Tmut/Erth      0%         N/A       94%         2
 Swiftness                Air            0%         N/A       99%         3
 Vampiric Draining        Necr           0%         2d6       99%         3


Dungeon Overview and Level Annotations

Branches:
Dungeon (3/15)

Altars:

Shops:
D:1 !=*:

Annotations:
D:3 Ijyb


Message History

Ijyb zaps a wand.
The mass of ice explodes!
The iceblast engulfs the rat!
The rat dies!
Found an escape hatch in the ceiling.
You flicker back into view.
Ijyb zaps a wand.
The mass of ice explodes!
The iceblast engulfs you!!
Ouch! That really hurt!
* * * LOW HITPOINT WARNING * * *
Ijyb screams, "Me stronger than you!" Ijyb screams, "I cut your head off!"
Your +2 mace of holy wrath softly glows with a divine radiance!
s - a +2 mace of holy wrath (weapon)
You feel better. Ijyb hits you but does no damage.
You barely miss Ijyb.
Ijyb is lightly wounded.
Ijyb completely misses you.
You closely miss Ijyb.
Ijyb is lightly wounded.
Ijyb closely misses you.
You closely miss Ijyb.
Ijyb is lightly wounded.
Ijyb hits you but does no damage. You block Ijyb's attack.
You thump Ijyb!
Ijyb is heavily wounded.
Ijyb hits you with a +4 spectral club.
* * * LOW HITPOINT WARNING * * *
You hit Ijyb but do no damage.
Ijyb is heavily wounded.
Ijyb closely misses you.
You hit Ijyb.
Ijyb is heavily wounded.
Ijyb barely misses you. x2
You closely miss Ijyb.
Ijyb is heavily wounded.
Ijyb hits you with a +4 spectral club!
* * * LOW HITPOINT WARNING * * *
You hit Ijyb but do no damage.
Ijyb is heavily wounded.
Ijyb hits you with a +4 spectral club.
You die...

#. .... #. .#. #. .. # #.
#. .#.[##. #g####
.......#########...g#
#.......#####.#
#.#####..## #.####
#.###.#####@#.###....#
#.<.......g###....####
#####.#####.#.###.#######
#.# ..# #.##....## #..
...## #........# ###
##### #.##.##.## #
#.......# # #.#..##.# #
#.#.###.# #


You could see Ijyb.

Vanquished Creatures
  An iguana (D:3)
  3 worms (D:2)
  4 orcs (D:3)
  4 ball pythons (D:2)
  7 bats
  5 endoplasms
  3 giant cockroaches
  2 hobgoblins (D:2)
  3 quokkas
  A frilled lizard (D:1)
  5 goblins
  5 kobolds
  A rat (D:3)
44 creatures vanquished.

Vanquished Creatures (others)
  A rat (D:3)
1 creature vanquished.

Grand Total: 45 creatures vanquished

Notes
Turn   | Place    | Note
-------+----------+-------------------------------------------
     0 | D:1      | fknight the Human Fighter began the quest for the Orb.
     0 | D:1      | Reached XP level 1. HP: 18/18 MP: 1/1
    54 | D:1      | Found Ybbeepyo's Book Shop.
   177 | D:1      | Reached XP level 2. HP: 24/24 MP: 2/2
   325 | D:1      | You fall into a shaft and drop 1 floor!
   545 | D:1      | Found Mietiop's Jewellery Boutique.
   573 | D:1      | Found Zyall's General Store.
   766 | D:1      | Found Ulia's Distillery.
   861 | D:1      | Found a faded altar of an unknown god.
   867 | D:1      | Reached XP level 3. HP: 29/29 MP: 3/3
  1061 | D:1      | Bought 2 potions of curing for 66 gold pieces
  1459 | D:2      | Reached skill level 1 in Throwing
  1968 | D:3      | Reached skill level 1 in Maces & Flails
  1968 | D:3      | Reached XP level 4. HP: 31/35 MP: 4/4
  2358 | D:3      | Noticed Ijyb
  2419 | D:3      | HP: 1/35 [Ijyb (7)]
  2420 | D:3      | Slain by Ijyb

Illustrated notes

Levels and vault maps discovered:
D:1:      dpeg_arrival_windows_large_door, layout_loops_ring, serial_shops,
          shop, nicolae_shop_hallway_stairs, nicolae_shop_waterfront,
          nicolae_shop_trees, ebering_ecumenical_altar_box, minmay_tromino_mix6
D:2:      layout_loops_ring
D:3:      minmay_inner_zag, layout_loops_cross, nzn_hepliaklqana_mist_gate,
          uniq_ijyb, uniq_robin

Skill      XL: |  1  2  3 |
---------------+----------+-----
Throwing       | 1 |  1.2
Maces & Flails | 1 |  1.6
Fighting       | |  3.4
Short Blades   | |  0.1
Axes           | |  2.2
Armour         | |  3.5
Stealth        | |  0.1
Shields        | |  3.3

Action                   |  1- 3 |  4- 6 || total
-------------------------+-------+-------++-------
Melee: War axe           |    12 |       ||    12
       Dagger            |    29 |       ||    29
       Mace              |    28 |    32 ||    60
       Hand axe          |       |    20 ||    20
Throw: Stone             |    59 |     9 ||    68
  Use: Scroll            |     3 |     2 ||     5
       Potion            |       |     3 ||     3
Armor: Scale mail        |    32 |    12 ||    44
Dodge: Dodged            |    22 |    28 ||    50
Block: Buckler           |    16 |     8 ||    24
